 Dungeon Crawl Stone Soup version 0.31-a0-361-g0f8bd3a31e (webtiles) character file.

Game seed: 5538703863193160175

60 AdnanSaban the Covered (level 4, -2/28 HPs)
             Began as a Gargoyle Fighter on July 27, 2023.
             Slain by Grinder (6 damage)
             ... while paralysed by Grinder
             ... on level 3 of the Dungeon.
             The game lasted 00:01:29 (1145 turns).

AdnanSaban the Covered (Gargoyle Fighter)           Turns: 1145, Time: 00:01:30

Health: -2/28      AC: 10    Str: 21    XL:     4   Next: 4%
Magic:  4/4        EV:  2    Int:  9    God:
Gold:   129        SH:  0    Dex:  9    Spells: 3/3 levels left

rFire   . . .        a - +0 flail
rCold   . . .        c - +0 buckler
rNeg    + . .        b - +0 scale mail
rPois   ∞            (no helmet)
rElec   +            (no cloak)
rCorr   .            (no gloves)
SInv    .            (no boots)
Will    .....        (no amulet) Stlth
                     (no ring)
HPRegen 0.24/turn    (no ring)
MPRegen 0.09/turn

%: no passive effects
@: paralysed
A: sickness immunity, AC +3, negative energy resistance 1, electricity
resistance, torment resistance 1, petrification resistance
a: no special abilities


You were on level 3 of the Dungeon.
You visited 1 branch of the dungeon, and saw 3 of its levels.

You collected 129 gold pieces.

Inventory:

Hand Weapons
 a - a +0 flail (weapon)
Missiles
 j - 3 boomerangs (quivered)
 m - a throwing net
 n - 6 poisoned darts
Armour
 b - a +0 scale mail (worn)
 c - a +0 buckler (worn)
Scrolls
 h - 3 scrolls of identify {unknown}
 i - a scroll of brand weapon {unknown}
 k - a scroll of amnesia {unknown}
Potions
 d - 2 potions of might
 e - 2 potions of heal wounds {unknown}
 f - a potion of brilliance {unknown}
 g - 2 potions of curing {unknown}
 l - a potion of berserk rage {unknown}


   Skills:
 + Level 3.6 Fighting
 + Level 3.0 Maces & Flails
 + Level 3.8 Armour
 + Level 0.4 Dodging
 + Level 3.6 Shields


You had 3 spell levels left.
You didn't know any spells.
Your spell library contained the following spells:

 Spells                   Type           Power      Damage    Failure   Level
 Ensorcelled Hibernation  Hex/Ice        0%         N/A       90%         2
 Passwall                 Tmut/Erth      0%         N/A       90%         2
 Swiftness                Air            0%         N/A       99%         3


Dungeon Overview and Level Annotations

Branches:
Dungeon (3/15)

Altars:

Annotations:
D:3 Grinder


Innate Abilities, Weirdness & Mutations

You are immune to sickness and miasma.
Your stone body is resilient. (AC +3)
You are immune to poison.
You resist negative energy. (rN+)
You are resistant to electric shocks. (rElec)
You are resistant to unholy torment.
You are immune to petrification.


Message History

You throw a boomerang.
The boomerang hits Grinder but does no damage.
Grinder is lightly wounded.
You throw a boomerang. The boomerang closely misses Grinder.
Grinder gestures at you. You resist with significant effort.
You throw a boomerang. The boomerang closely misses Grinder.
Grinder gestures at you.
You suddenly lose the ability to move!
Grinder gestures at you. You resist with significant effort. Grinder hits you.
You writhe in agony.
Grinder barely misses you.
You can move again.
You hit Grinder.
Grinder is lightly wounded.
Grinder gestures at you.
You shrug off the repeated paralysis!
You hit Grinder but do no damage.
Grinder is lightly wounded.
Grinder gestures at you. Pain shoots through your body!
Grinder completely misses you.
You barely miss Grinder.
Grinder is lightly wounded.
Grinder hits you!
* * * LOW HITPOINT WARNING * * *
You are too injured to fight recklessly!
You are too injured to fight recklessly!
You hit Grinder but do no damage.
Grinder is lightly wounded.
Grinder hits you.
* * * LOW HITPOINT WARNING * * *
You writhe in agony.
* * * LOW HITPOINT WARNING * * *
You hit Grinder but do no damage.
Grinder is lightly wounded.
Grinder gestures at you.
You suddenly lose the ability to move!
Grinder hits you.
You die...

.. .. #.... .#+## #....
....# #.... #...# #....
+.>.# #.... #...# ...
#...##♣♣♣♣.########
#...#♣.PP♣♣.@5....#
#####...#♣..~♣.♣......#
......♣.♣.P~~~P♣......#
......♣.♣♣♣~~~.♣......#
......♣P...♣~.♣♣...?♣.♣
.......♣P♣....♣♣##### #
........♣♣♣♣.♣♣
..............#
..............#


You could see Grinder.

Vanquished Creatures
  An adder (D:2)
  2 dart slugs
  5 bats
  An endoplasm (D:1)
  2 giant cockroaches
  2 goblins
  5 hobgoblins
  4 jackals
  2 kobolds (D:2)
  2 quokkas (D:1)
  6 ball pythons (D:1)
  4 frilled lizards
  9 rats
45 creatures vanquished.

Notes
Turn   | Place    | Note
-------+----------+-------------------------------------------
     0 | D:1      | AdnanSaban the Gargoyle Fighter began the quest for the
                  | Orb.
     0 | D:1      | Reached XP level 1. HP: 14/14 MP: 1/1
    59 | D:1      | Reached XP level 2. HP: 14/19 MP: 2/2
   257 | D:1      | Reached XP level 3. HP: 23/23 MP: 3/3
  1012 | D:3      | Reached XP level 4. HP: 27/28 MP: 4/4
  1122 | D:3      | Noticed Grinder
  1122 | D:3      | Paralysed by Grinder for 4 turns
  1135 | D:3      | Paralysed by Grinder for 5 turns
  1144 | D:3      | Paralysed by Grinder for 5 turns
  1145 | D:3      | Slain by Grinder

Illustrated notes

Levels and vault maps discovered:
D:1:      lemuel_arrival_funnel, layout_rooms
D:2:      layout_rooms
D:3:      layout_basic, amcnicky_altar_gilded, serial_forest,
          infiniplex_forest_lined_3, infiniplex_forest_pool,
          infiniplex_forest_straight_1, infiniplex_forest_straight_1,
          infiniplex_forest_corner_1, infiniplex_forest_lined_2, uniq_grinder

Skill      XL: |  1  2  3 |
---------------+----------+-----
Maces & Flails | 3 |  3.0
Fighting       | |  3.6
Armour         | |  3.8
Dodging        | |  0.4
Shields        | |  3.6

Action                     |  1- 3 |  4- 6 || total
---------------------------+-------+-------++-------
  Melee: Flail             |   135 |    27 ||   162
  Throw: Boomerang         |       |     4 ||     4
 Armour: Scale mail        |    87 |    12 ||    99
  Dodge: Dodged            |    95 |    13 ||   108
  Block: Buckler           |    32 |     4 ||    36

Table legend: (Time is in decaauts)
 A = Elapsed time spent in this place.
 B = Non-inter-level travel time spent in this place.
 C = Inter-level travel time spent in this place.
 D = Time resting spent in this place.
 E = Time spent auto-exploring this place.
 F = Levels seen in this place.
 G = Mean time per level.
                   A        B        C        D        E       F      G
               +--------+--------+--------+--------+--------+-----+--------+
         Total |   1196 |   1169 |     27 |      0 |    799 |   3 |  398.7 |
       Dungeon |   1196 |   1169 |     27 |      0 |    799 |   3 |  398.7 |
               +--------+--------+--------+--------+--------+-----+--------+

Top non-repeatable levels by time:
     D:1: 543 daAuts
     D:2: 468 daAuts
     D:3: 184 daAuts
